 Dungeon Crawl Stone Soup version 0.30-a0-1075-gcd70e7a56d (webtiles) character file.

Game seed: 6952780105732200499

70 Maxmaps the Insei (level 4, -6/36 HPs)
             Began as a Demonspawn Monk on Apr 14, 2023.
             Was an Initiate of Gozag.
             Mangled by Blork the orc
             ... wielding a +0 long sword
              (8 damage)
             ... on level 4 of the Dungeon.
             The game lasted 00:02:42 (2790 turns).

Maxmaps the Insei (Demonspawn Monk)                 Turns: 2790, Time: 00:02:43

Health: -6/36      AC: 10    Str:  9 (11) XL:     4   Next: 3%
Magic:  4/4        EV:  9    Int: 12 (13) God:    Gozag
Gold:   115        SH:  0    Dex: 15 (16) Spells: 3/3 levels left

rFire   . . .      SeeInvis .    i - +1 dagger (venom)
rCold   . . .      Faith    .    c - orb {light}
rNeg    . . .      Spirit   .    j - +0 scale mail
rPois   .          Reflect  .    n - +2 helmet
rElec   .          Rampage  .    (no cloak)
rCorr   .                        (no gloves)
Will    .....                    (no boots)
Stlth   +                        (no amulet)
HPRegen 0.26/turn                (no ring)
MPRegen 0.09/turn                (no ring)

@: attractive, glowing
A: rugged brown scales 1
a: Renounce Religion, Potion Petition, Call Merchant, Bribe Branch


You were on level 4 of the Dungeon.
You worshipped Gozag.
Gozag was aware of your devotion.
You visited 2 branches of the dungeon, and saw 5 of its levels.

You collected 115 gold pieces.

Inventory:

Hand Weapons
 g - a +0 halberd
 i - a +1 dagger of venom (weapon)
Armour
 c - an orb of light (worn)
 e - a +1 helmet
 j - a +0 scale mail (worn)
 n - a +2 helmet (worn)
Jewellery
 h - an amulet of faith
Wands
 k - a wand of polymorph (8)
 l - a wand of flame (20)
Scrolls
 a - a scroll of blinking {unknown}
 b - 4 scrolls of identify {unknown}
Potions
 d - a potion of attraction
 m - a potion of resistance {unknown}


   Skills:
 - Level 3.0 Fighting
 - Level 3.3 Dodging
 - Level 1.7 Stealth
 - Level 4.0 Unarmed Combat


You had 3 spell levels left.
You didn't know any spells.
Your spell library was empty.

Dungeon Overview and Level Annotations

Branches:
Dungeon (4/15)             Temple (1/1) D:4

Altars:
Cheibriados
Fedhas
Gozag
Hepliaklqana
Kikubaaqudgha
Makhleb
Okawaru
Qazlal
Uskayaw
Vehumet
Yredelemnul

Annotations:
D:4 Blork the orc, Dowan, Duvessa


Innate Abilities, Weirdness & Mutations

You are partially covered in rugged brown scales. (AC +1, +3% HP)


Message History

There are monsters nearby!
Duvessa shouts!
Blork the orc comes into view.
He is wielding a +0 long sword.
Blork the orc shouts!
Dowan hits you but does no damage.
A scorpion comes into view.
You hit Dowan.
Dowan is poisoned.
Dowan is lightly wounded.
Blork the orc gestures wildly while chanting.
Blork the orc seems to speed up.
Dowan completely misses you.
Dowan points at you and mumbles some strange words.
The puff of frost hits you.
Duvessa says, "When magic and the sword combine, nothing stands against them."
Dowan casts a spell at you. The puff of frost hits you.
Duvessa says, "Where magic fails, the sword succeeds!"
Dowan gestures at you while chanting. The puff of frost hits you!
Unknown command.
Blork the orc screams, "I'll crush all your ribs!
One by one!"
Duvessa gestures with her weapon.
Duvessa hits you but does no damage. Duvessa attacks as you move away!
Duvessa hits you but does no damage. Blork the orc attacks as you move away!
Blork the orc hits you with a +0 long sword!
* * * LOW HITPOINT WARNING * * *
Blork the orc points at you and mumbles some strange words.
The puff of frost hits you!
* * * LOW HITPOINT WARNING * * *
It was a potion of attraction.
You feel attractive to monsters.
Blork the orc hits you with a +0 long sword.
* * * LOW HITPOINT WARNING * * *
Dowan is attracted toward you.
It was a potion of degeneration.
There was something very wrong with that liquid.
You feel weakened.
You feel dopey.
You feel clumsy.
Blork the orc hits you with a +0 long sword!
You die...
Your body crumbles into a pile of gold.

......#.....# ...##
....###..>..###...#
###...#.....#...#
####............#
...##...###...#.#
.........#...##.##
>..####..#..###..#
...# ##...## ##.#
#.## ##### #@# ##
### #o## .# #
#es##.# # ##.r#.# #
##e#.# # #.ยง.# #
####.## . ##....#
.. ####.....#


You could see Duvessa, Blork the orc (fast), Dowan, a scorpion and a quokka.

Vanquished Creatures
  2 adders
  A worm (D:2)
  An orc (D:4)
  4 endoplasms
  A giant cockroach (D:1)
  6 hobgoblins
  4 jackals (D:1)
  5 kobolds
  3 quokkas
  A ball python (D:2)
  4 bats
  4 frilled lizards
  2 goblins
  6 rats
44 creatures vanquished.

Notes
Turn   | Place    | Note
-------+----------+-------------------------------------------
     0 | D:1      | Maxmaps the Demonspawn Monk began the quest for the Orb.
     0 | D:1      | Reached XP level 1. HP: 18/18 MP: 1/1
    75 | D:1      | Reached skill level 3 in Unarmed Combat
    89 | D:1      | Gained mutation: You are partially covered in rugged brown
                  | scales. (AC +1, +3% HP) [demonic ancestry]
    89 | D:1      | Reached XP level 2. HP: 12/24 MP: 2/2
   315 | D:1      | Found a faded altar of an unknown god.
  1116 | D:2      | Reached XP level 3. HP: 25/29 MP: 3/3
  1142 | D:2      | Reached skill level 4 in Unarmed Combat
  2505 | D:4      | Reached XP level 4. HP: 36/36 MP: 4/4
  2528 | D:4      | Found a staircase to the Ecumenical Temple.
  2552 | Temple   | Entered the Ecumenical Temple
  2708 | Temple   | Became a worshipper of Gozag Ym Sagoz the Greedy
  2771 | D:4      | Noticed Dowan
  2772 | D:4      | Noticed Duvessa
  2774 | D:4      | Noticed Blork the orc
  2774 | D:4      | Noticed a scorpion
  2790 | D:4      | Mangled by Blork the orc

Illustrated notes

Levels and vault maps discovered:
D:1:      lightli_arrival_boilingwater, layout_loops_corners,
          hellmonk_ecumenical_altar_inner_sanctum, minmay_misc_feat_pillars
D:2:      layout_loops_ring
D:3:      layout_basic, chequers_serial_rivers_micro_d
D:4:      layout_gridville, minmay_temple_entry_tees, minmay_diced_spiral,
          uniq_duvessa, uniq_blork_the_orc, uniq_ijyb
Temple:   nicolae_temple_bog_church

Skill      XL: |  1  2  3 |
---------------+----------+-----
Unarmed Combat | 3 4 |  4.0
Dodging        | 3 |  3.3
Fighting       | |  3.0
Stealth        | |  1.7

Action                     |  1- 3 |  4- 6 || total
---------------------------+-------+-------++-------
  Melee: Unarmed           |   112 |       ||   112
         Dagger            |    26 |     5 ||    31
    Use: Potion            |     1 |     2 ||     3
 Armour: Robe              |     9 |       ||     9
         Ring mail         |    24 |       ||    24
         Leather armour    |     1 |       ||     1
         Scale mail        |    14 |     5 ||    19
  Dodge: Dodged            |    91 |     2 ||    93

Table legend: (Time is in decaauts)
 A = Elapsed time spent in this place.
 B = Non-inter-level travel time spent in this place.
 C = Inter-level travel time spent in this place.
 D = Time resting spent in this place.
 E = Time spent auto-exploring this place.
 F = Levels seen in this place.
 G = Mean time per level.
                   A        B        C        D        E       F      G
               +--------+--------+--------+--------+--------+-----+--------+
         Total |   2795 |   2604 |    191 |      0 |   2167 |   5 |  559.0 |
       Dungeon |   2616 |   2445 |    171 |      0 |   2030 |   4 |  654.0 |
        Temple |    179 |    160 |     19 |      0 |    137 |   1 |  179.0 |
               +--------+--------+--------+--------+--------+-----+--------+

Top non-repeatable levels by time:
     D:1: 1036 daAuts
     D:2: 718 daAuts
     D:3: 701 daAuts
  Temple: 179 daAuts
     D:4: 160 daAuts
